Map: 10000 Feet LE

Players

Indy

  • Race: Terran Terran
  • Spawn Location: 11:00

A.I. 1 (Hard) - Winner!

  • Race: Terran Terran
  • Spawn Location: 5:00

VOD

Have the link to the VOD?

Description

Time

  • Played on: March 14, 2026, 11:43 a.m.
  • Length: 5:54
Show
View Real Time Build Order
Export as new Build Order

Indy Terran 

Build Orders:  

Get SALT Encoding   

  12  0:00  SCV  
  13  0:13  Supply Depot  
  13  0:17  SCV  
  14  0:35  Barracks  
  14  0:40  Refinery  
  14  0:55  Barracks  
  14  0:59  SCV  
  15  1:11  SCV  
  16  1:22  Reaper  
  16  1:25  Orbital Command  
  17  1:33  Refinery  
  17  1:42  Reaper  
  18  1:52  SCV  
  19  1:58  Reaper  
  20  2:02  Supply Depot  
  20  2:04  SCV  
  21  2:14  Reaper  
  22  2:16  SCV  
  23  2:29  Factory  
  23  2:30  SCV  
  23  2:35  Reaper  
  25  2:43  SCV  
  25  2:46  Reaper  
  26  2:55  SCV  
  26  2:57  Supply Depot  
  27  3:07  SCV  
  27  3:10  Reaper  
  29  3:14  Factory Tech Lab  
  29  3:18  Reaper  
  29  3:19  SCV  
  31  3:29  Command Center  
  31  3:32  SCV  
  32  3:40  Cyclone  
  35  3:44  SCV  
  36  3:51  Starport  
  36  3:56  SCV  
  36  4:02  Supply Depot  
  37  4:09  SCV  
  38  4:21  SCV  
  38  4:24  Siege Tank  
  42  4:30  Starport Reactor  
  42  4:33  SCV  
  43  4:40  Orbital Command  
  43  4:41  Barracks  
  43  4:44  Refinery  
  43  4:48  SCV  
  44  4:58  Siege Tank  
  47  5:00  SCV  
  48  5:12  SCV  
  49  5:14  Viking x2  
  53  5:22  SCV  
  53  5:24  SCV  
  55  5:32  Marine  
  55  5:34  SCV  
  60  5:36  SCV  
  60  5:37  Refinery  
  60  5:39  Supply Depot x2  
  62  5:51  Barracks Tech Lab  
Show
View Real Time Build Order
Export as new Build Order

A.I. 1 (Hard) Terran - Winner!

Build Orders:  

Get SALT Encoding   

  12  0:00  SCV  
  13  0:13  SCV  
  14  0:18  Supply Depot  
  14  0:25  SCV  
  15  0:39  SCV  
  16  0:43  Barracks  
  16  0:51  SCV  
  17  1:03  SCV  
  18  1:22  SCV  
  18  1:24  Supply Depot  
  19  1:25  Refinery  
  19  1:32  Marine  
  19  1:34  SCV  
  21  1:50  Marine  
  21  1:51  Orbital Command  
  21  2:19  SCV  
  21  2:20  Marine  
  21  2:23  Barracks  
  21  2:24  Refinery  
  21  2:34  SCV  
  20  2:39  Barracks Tech Lab  
  20  2:46  SCV  
  17  2:56  Marine  
  17  2:58  SCV  
  14  3:14  Marine  
  14  3:15  SCV  
  16  3:21  Marine  
  17  3:27  SCV  
  17  3:33  Marauder  
  20  3:39  SCV  
  21  3:51  SCV  
  22  4:03  SCV  
  23  4:15  Marine, Barracks Tech Lab, SCV  
  24  4:18  Supply Depot  
  23  4:27  SCV  
  24  4:33  Marauder  
  26  4:53  Command Center  
  26  4:56  SCV  
  27  5:08  SCV, Marine  
  27  5:12  Marine  
  29  5:20  SCV  
  30  5:26  Marine  
  31  5:31  Factory  
  31  5:32  SCV  
  32  5:46  Factory  
  33  5:52  Supply Depot  
Tags
 
Matchup
TvT
Player
Indy
Race
Terran
Spawn Locations
Cross Positions
Add a new tag
Caveats
  • Supply blocks, unpowered buildings, or Contaminate may cause inaccurate times.
  • Supply counts are checked every 10 seconds.